[Event "ICC tourney 2029 (45 10)"]
[Site "Internet Chess Club"]
[Date "2020.10.03"]
[Round "3"]
[White "GGuseinov"]
[Black "tcao"]
[Result "1-0"]
[ICCResult "Black resigns"]
[WhiteElo "2716"]
[BlackElo "2059"]
[Opening "French: Tarrasch, open variation, main line"]
[ECO "C09"]
[NIC "FR.22"]
[Time "16:02:17"]
[TimeControl "2700+10"]

1. e4 e6 2. d4 d5 3. Nd2 c5 4. Ngf3 Nc6 5. exd5 exd5 6. Bb5 Qe7+ 7. Be2 Bf5
8. O-O O-O-O 9. dxc5 Qxc5 10. c3 Nf6 11. Nb3 Qb6 12. Be3 Qc7 13. Nfd4 Nxd4
14. Nxd4 Bd7 15. a4 Bd6 16. Nb5 Bxb5 17. axb5 b6 18. h3 Rd7 19. Ra6 Bc5 20.
Bxc5 Qxc5 21. Bg4 Nxg4 22. Qxg4 Qc7 23. Rfa1 Kb8 24. Qxg7 Re8 25. Rxa7 Qxa7
26. Rxa7 Kxa7 27. Qxh7 Rde7 28. h4 Re1+ 29. Kh2 R8e7 30. h5 R1e5 31. f4 Re2
32. h6 R2e6 33. f5 Re4 34. Qg7 Rh4+ 35. Kg3 Rh5 36. h7 {Black resigns} 1-0

[Event "ICC tourney 2029 (45 10)"]
[Site "Internet Chess Club"]
[Date "2020.10.03"]
[Round "3"]
[White "Niteshc"]
[Black "psampat"]
[Result "0-1"]
[ICCResult "White checkmated"]
[WhiteElo "1640"]
[BlackElo "1874"]
[Opening "Caro-Kann: two knights variation"]
[ECO "B11"]
[NIC "CK.01"]
[Time "16:02:29"]
[TimeControl "2700+10"]

1. e4 c6 2. Nc3 d5 3. Nf3 dxe4 4. Nxe4 Nf6 5. Nxf6+ exf6 6. d4 Bd6 7. Bc4
O-O 8. O-O Bg4 9. c3 Qc7 10. h3 Bh5 11. Re1 Nd7 12. Bb3 Rfe8 13. Be3 Re7 14.
Qd2 Bxf3 15. gxf3 Nf8 16. Kh1 Qd7 17. Kg2 Ng6 18. Rh1 Nh4+ 19. Kf1 Nxf3 20.
Qd1 Qf5 21. Bc2 Qh5 22. Bd3 Nh2+ 23. Kg2 Qd5+ 24. Kg1 Rxe3 25. Bxh7+ Kxh7
26. fxe3 Qg5+ 27. Kf2 Qg3+ 28. Ke2 Re8 29. Qg1 Qxh3 30. Kd3 Qf5+ 31. Kd2 Qh3
32. Rf1 Kg8 33. Kd3 Qe6 34. Rc1 b5 35. b3 Qe4+ 36. Ke2 Bf4 37. Rxh2 Bxh2 38.
Qxh2 Qxe3+ 39. Kd1 Qf3+ 40. Kd2 Qe3+ 41. Kd1 Qe1+ 42. Kc2 Re2+ 43. Kb1 Qxc1+
44. Kxc1 Rxh2 45. c4 bxc4 46. bxc4 Rxa2 47. d5 cxd5 48. cxd5 Kf8 49. d6 Ke8
50. d7+ Kxd7 51. Kb1 Rf2 52. Kc1 g5 53. Kd1 g4 54. Ke1 g3 55. Kd1 a5 56. Ke1
a4 57. Kd1 a3 58. Kc1 g2 59. Kb1 g1=Q# {White checkmated} 0-1

[Event "ICC tourney 2029 (45 10)"]
[Site "Internet Chess Club"]
[Date "2020.10.03"]
[Round "3"]
[White "ethanpu"]
[Black "Zuiopal"]
[Result "1-0"]
[ICCResult "Black resigns"]
[WhiteElo "1497"]
[BlackElo "1702"]
[Opening "Caro-Kann: exchange variation"]
[ECO "B13"]
[NIC "CK.02"]
[Time "16:02:13"]
[TimeControl "2700+10"]

1. e4 c6 2. d4 d5 3. exd5 cxd5 4. Nf3 Nc6 5. Bf4 Nf6 6. c3 g6 7. Nbd2 Bg7 8.
Bd3 O-O 9. h3 Bf5 10. Bxf5 gxf5 11. Qb3 Qd7 12. O-O e6 13. Ne5 Nxe5 14. dxe5
Ne4 15. Nxe4 fxe4 16. c4 Rad8 17. cxd5 exd5 18. f3 b6 19. Rae1 Qc7 20. fxe4
Qc5+ 21. Rf2 d4 22. Rc1 Qe7 23. Qg3 Kh8 24. Bg5 f6 25. exf6 Bxf6 26. Bxf6+
Rxf6 27. Rc7 Qf8 28. Qh4 Qh6 29. Qxf6+ Qxf6 30. Rxf6 d3 31. Rh6 d2 32.
Rcxh7+ Kg8 33. Rh8+ Kg7 34. Rxd8 d1=Q+ 35. Rxd1 Kxh6 36. Rf1 {Black resigns}
1-0

[Event "ICC tourney 2029 (45 10)"]
[Site "Internet Chess Club"]
[Date "2020.10.03"]
[Round "3"]
[White "dmutalam"]
[Black "CoastalJourney"]
[Result "1-0"]
[ICCResult "Black checkmated"]
[WhiteElo "1557"]
[BlackElo "1654"]
[Opening "Scandinavian defense"]
[ECO "B01"]
[NIC "SD.03"]
[Time "16:02:01"]
[TimeControl "2700+10"]

1. e4 d5 2. exd5 Nf6 3. Bb5+ Nbd7 4. c4 a6 5. Bxd7+ Bxd7 6. d4 e6 7. dxe6
Bxe6 8. b3 Bb4+ 9. Bd2 Qxd4 10. Bxb4 Qe5+ 11. Ne2 Qxa1 12. Nec3 Rd8 13. Qc2
g6 14. Ba3 Bf5 15. Qe2+ Kd7 16. Bb2 Rhe8 17. Bxa1 Rxe2+ 18. Kxe2 Re8+ 19.
Kd2 Ng4 20. f3 Nf6 21. g4 Be6 22. Na4 Ng8 23. Nc5+ Kc6 24. Nxe6 Rxe6 25. Re1
Rd6+ 26. Kc2 b5 27. Nc3 bxc4 28. bxc4 Kb7 29. Nd5 c6 30. Nb4 a5 31. Nd3 Rd8
32. Rb1+ Ka8 33. Rb6 Ka7 34. Rxc6 Kb7 35. Rc5 Kb6 36. Rb5+ Ka6 37. Nc5+ Ka7
38. Be5 f6 39. Bc7 Rc8 40. Rxa5# {Black checkmated} 1-0

[Event "ICC tourney 2029 (45 10)"]
[Site "Internet Chess Club"]
[Date "2020.10.03"]
[Round "3"]
[White "Kausy"]
[Black "Theutltl"]
[Result "1-0"]
[ICCResult "Black resigns"]
[WhiteElo "1792"]
[BlackElo "1278"]
[Opening "Sicilian: Najdorf"]
[ECO "B90"]
[NIC "SI.14"]
[Time "16:02:18"]
[TimeControl "2700+10"]

1. e4 c5 2. Nf3 d6 3. d4 cxd4 4. Nxd4 Nf6 5. Nc3 a6 6. f3 e6 7. Be3 Be7 8.
Qd2 Nc6 9. O-O-O Qc7 10. g4 b5 11. h4 Bb7 12. h5 Nd7 13. g5 Nc5 14. Bh3 Bc8
15. Ndxb5 axb5 16. Nxb5 Qa5 17. Qxa5 Rxa5 18. Nxd6+ Bxd6 19. Rxd6 Bb7 20.
Rhd1 O-O 21. a3 Na4 22. g6 hxg6 23. hxg6 Re8 24. Rd7 fxg6 25. Rxb7 Rh5 26.
Bg4 Rh2 27. Rdd7 Rh1+ 28. Kd2 Rh2+ 29. Ke1 Rh7 30. Rbc7 Ne5 31. Re7 Rxe7 32.
Rxe7 Nxg4 33. fxg4 Nxb2 34. Rxe6 Kf7 35. Rc6 Rh4 36. Bd4 Na4 37. Rc4 Rxg4
38. Rxa4 Rxe4+ 39. Kd2 g5 40. Ra7+ Ke6 41. Kd3 Rh4 42. Rxg7 g4 43. a4 Rh3+
44. Kc4 g3 45. a5 g2 46. Rxg2 Ra3 47. Rg5 Kd7 48. Kb5 Kc8 49. a6 {Black
resigns} 1-0

[Event "ICC tourney 2029 (45 10)"]
[Site "Internet Chess Club"]
[Date "2020.10.03"]
[Round "3"]
[White "liuchess"]
[Black "soggydollar"]
[Result "0-1"]
[ICCResult "White resigns"]
[WhiteElo "1564"]
[BlackElo "1793"]
[Opening "Sicilian: Alapin's variation (2.c3)"]
[ECO "B22"]
[NIC "SI.46"]
[Time "16:02:09"]
[TimeControl "2700+10"]

1. e4 c5 2. c3 d5 3. exd5 Qxd5 4. d4 Nc6 5. Nf3 Nf6 6. Be2 Bf5 7. c4 Qd8 8.
d5 Nb4 9. Nd4 cxd4 10. Qa4+ Qd7 11. Qxb4 e5 12. Qb3 Rc8 13. Bg5 Ne4 14. Bh4
Nc5 15. Qg3 f6 16. Bh5+ Kd8 17. O-O g5 18. Bxg5 fxg5 19. Qxe5 Bg7 20. Qg3
Ne4 21. Qb3 Qc7 22. Be2 Be5 23. h3 h5 24. Bf3 Nc5 25. Qd1 g4 26. Qd2 Qg7 27.
hxg4 hxg4 28. Bd1 Bh2+ 29. Kh1 Bf4+ {White resigns} 0-1

[Event "ICC tourney 2029 (45 10)"]
[Site "Internet Chess Club"]
[Date "2020.10.03"]
[Round "3"]
[White "buckleyoh"]
[Black "chessmaster0981"]
[Result "0-1"]
[ICCResult "White resigns"]
[WhiteElo "1427"]
[BlackElo "1640"]
[Opening "French: advance, Paulsen attack"]
[ECO "C02"]
[NIC "FR.03"]
[Time "16:02:11"]
[TimeControl "2700+10"]

1. e4 e6 2. d4 d5 3. e5 c5 4. c3 Nc6 5. Nf3 Qb6 6. a3 Bd7 7. Be2 Nh6 8. b4
cxd4 9. cxd4 Nf5 10. Bb2 Be7 11. O-O Rc8 12. g4 Nh4 13. Qd3 Ng6 14. Qe3 O-O
15. Nbd2 f6 16. exf6 Bxf6 17. Ne5 Ncxe5 18. dxe5 Qxe3 19. fxe3 Bxe5 20. Bxe5
Nxe5 21. Rxf8+ Kxf8 22. Rf1+ Ke7 23. e4 Rc2 24. Nf3 Nxf3+ 25. Bxf3 d4 26. e5
Bc6 27. Bxc6 bxc6 28. Rd1 Rc4 29. Kf1 Kd7 30. Ke2 c5 31. bxc5 Kc6 32. Rb1
Rxc5 33. Kd2 Rxe5 34. Kd3 Rd5 35. Rc1+ Rc5 36. Rf1 Rd5 37. Rf7 Rd7 38. Rf1
Kd5 39. Rb1 e5 40. Rb4 {White resigns} 0-1

[Event "ICC tourney 2029 (45 10)"]
[Site "Internet Chess Club"]
[Date "2020.10.03"]
[Round "3"]
[White "keb2020"]
[Black "Deveshc"]
[Result "1-0"]
[ICCResult "Black checkmated"]
[WhiteElo "1825"]
[BlackElo "1502"]
[Opening "Van't Kruijs opening"]
[ECO "A00"]
[Time "16:01:59"]
[TimeControl "2700+10"]

1. e3 d5 2. b3 Nf6 3. Bb2 Bf5 4. Nf3 Nbd7 5. c4 dxc4 6. Bxc4 e6 7. d4 Be7 8.
Nc3 Bg6 9. h3 a6 10. a3 b5 11. Be2 O-O 12. Nh4 Be4 13. Nxe4 Nxe4 14. Nf3 b4
15. a4 a5 16. Qc2 Nef6 17. g4 c5 18. g5 Nd5 19. Bd3 g6 20. h4 cxd4 21. Nxd4
Rc8 22. Nc6 Qb6 23. Nxe7+ Nxe7 24. Qe2 Qc6 25. f3 Nf5 26. Kf2 Qc7 27. Bxf5
exf5 28. Rac1 Qb7 29. Qd3 Rxc1 30. Rxc1 f6 31. Qd6 Ne5 32. Bxe5 fxe5 33. Rc7
Qa8 34. Qe6+ Kh8 35. Qxe5+ Kg8 36. Qg7# {Black checkmated} 1-0

[Event "ICC tourney 2029 (45 10)"]
[Site "Internet Chess Club"]
[Date "2020.10.03"]
[Round "3"]
[White "landonp"]
[Black "avats"]
[Result "1/2-1/2"]
[ICCResult "Game drawn by repetition"]
[WhiteElo "1356"]
[BlackElo "1592"]
[Opening "French: Tarrasch, closed variation"]
[ECO "C05"]
[NIC "FR.17"]
[Time "16:02:41"]
[TimeControl "2700+10"]

1. e4 e6 2. d4 d5 3. Nd2 Nf6 4. e5 Nfd7 5. Bd3 c5 6. c3 Nc6 7. Ne2 Qb6 8.
Nf3 cxd4 9. cxd4 Bb4+ 10. Bd2 Bxd2+ 11. Qxd2 Qb4 12. O-O Qxd2 13. Nxd2 O-O
14. Nf3 Nb6 15. Ng3 Bd7 16. Rfd1 Rfc8 17. a3 Na5 18. b4 Nac4 19. Nh5 Nb2 20.
Rd2 Nxd3 21. Rxd3 Rc7 22. h3 Rac8 23. Nh4 h6 24. Rg3 g6 25. Nf6+ Kg7 26. Ra2
Ba4 27. Rd2 Rc3 28. Rdd3 Rc1+ 29. Kh2 R8c2 30. Rdf3 Nc4 31. Nxg6 fxg6 32.
Nh5+ Kh7 33. Nf6+ Kg7 34. Nh5+ Kh7 35. Nf6+ Kg7 36. Nh5+
{Game drawn by repetition}
1/2-1/2

[Event "ICC tourney 2029 (45 10)"]
[Site "Internet Chess Club"]
[Date "2020.10.03"]
[Round "3"]
[White "chesslin"]
[Black "ved2006"]
[Result "0-1"]
[ICCResult "White resigns"]
[WhiteElo "1866"]
[BlackElo "1711"]
[Opening "Queen's pawn, Mason variation"]
[ECO "D00"]
[NIC "QP.08"]
[Time "16:02:19"]
[TimeControl "2700+10"]

1. d4 d5 2. Bf4 Nf6 3. e3 e6 4. Nd2 c5 5. c3 Nc6 6. Bd3 h6 7. Bg3 Bd7 8. f4
Bd6 9. Ngf3 b6 10. O-O O-O 11. Ne5 Rc8 12. Qe2 c4 13. Bc2 b5 14. e4 dxe4 15.
Nxe4 Nxe4 16. Qxe4 f5 17. Qe2 Nxe5 18. fxe5 Be7 19. d5 exd5 20. e6 Qb6+ 21.
Bf2 Qxe6 22. Qxe6+ Bxe6 23. Rae1 Rc6 24. Bxa7 Bd8 25. Bd4 Bb6 26. Bf2 g6 27.
Re5 Bxf2+ 28. Rxf2 Kg7 29. Rfe2 Kf6 30. a3 Rd8 31. Re1 Rb6 32. Bd1 d4 33.
cxd4 Rxd4 34. Bf3 Rd2 35. R1e2 Rxe2 36. Rxe2 Rd6 37. Kf2 Bd7 38. Rc2 Bc6 39.
Be2 Be4 40. Rc3 Rd2 41. Ke1 Rxb2 42. a4 bxa4 43. Rxc4 a3 44. Ra4 a2 45. Bd1
{White resigns}
0-1

[Event "ICC tourney 2029 (45 10)"]
[Site "Internet Chess Club"]
[Date "2020.10.03"]
[Round "3"]
[White "Brian6712"]
[Black "Openyagami"]
[Result "0-1"]
[ICCResult "White checkmated"]
[WhiteElo "2068"]
[BlackElo "2575"]
[Opening "Sicilian: Labourdonnais-Löwenthal variation"]
[ECO "B32"]
[NIC "SI.32"]
[Time "16:02:08"]
[TimeControl "2700+10"]

1. e4 c5 2. Nf3 Nc6 3. d4 cxd4 4. Nxd4 e5 5. Nb3 Nf6 6. Bg5 Bb4+ 7. c3 Be7
8. N1d2 d5 9. exd5 Nxd5 10. Bxe7 Qxe7 11. Qf3 Be6 12. O-O-O O-O 13. Ne4 f5
14. Nec5 e4 15. Qh3 Bf7 16. Bc4 Rad8 17. Rd2 b6 18. Bxd5 Rxd5 19. Rxd5 Bxd5
20. Rd1 Qf7 21. Nb7 Ne5 22. Nd6 Qe6 23. Nb5 Nd3+ 24. Kb1 Bxb3 25. Nd4 Bxa2+
26. Ka1 Qd5 27. Qh5 Bb3 28. Nxb3 Qxb3 29. Rd2 Rc8 30. Qxf5 Rxc3 31. bxc3
Qxc3+ 32. Kb1 Qc1+ 33. Ka2 Qxd2+ 34. Kb3 Qb4+ 35. Kc2 Qb2+ 36. Kd1 Qc1+ 37.
Ke2 Qe1# {White checkmated} 0-1

[Event "ICC tourney 2029 (45 10)"]
[Site "Internet Chess Club"]
[Date "2020.10.03"]
[Round "3"]
[White "corviknight"]
[Black "mnm1"]
[Result "1-0"]
[ICCResult "Black checkmated"]
[WhiteElo "1795"]
[BlackElo "1343"]
[Opening "Sicilian: Richter-Rauzer, Rauzer attack, 7...a6 defense, 9...Be7"]
[ECO "B68"]
[NIC "SI.27"]
[Time "16:02:17"]
[TimeControl "2700+10"]

1. e4 c5 2. Nf3 d6 3. d4 cxd4 4. Nxd4 Nf6 5. Nc3 Nc6 6. Bg5 e6 7. Qd2 Be7 8.
O-O-O a6 9. f4 Bd7 10. f5 h6 11. Bxf6 Bxf6 12. Nxc6 Bxc6 13. Qxd6 Qxd6 14.
Rxd6 Bxc3 15. bxc3 Bxe4 16. fxe6 O-O 17. exf7+ Kh8 18. Bc4 Rac8 19. Bb3 Rxc3
20. Re1 Bc6 21. Rde6 Rxb3 22. Re8 Bxe8 23. fxe8=Q Rf3 24. gxf3 Rxe8 25.
Rxe8+ Kh7 26. c4 Kg6 27. c5 Kf5 28. Rb8 Kf4 29. Rxb7 g5 30. c6 Kxf3 31. c7
g4 32. c8=Q h5 33. Rb3+ Kg2 34. Qc2+ Kg1 35. Rg3+ Kf1 36. Qg2+ Ke1 37. Re3#
{Black checkmated}
1-0

[Event "ICC tourney 2029 (45 10)"]
[Site "Internet Chess Club"]
[Date "2020.10.03"]
[Round "3"]
[White "isabellahall"]
[Black "danaglin"]
[Result "1-0"]
[ICCResult "Black resigns"]
[WhiteElo "1563"]
[BlackElo "1635"]
[Opening "French: advance, Milner-Barry gambit"]
[ECO "C02"]
[NIC "FR.03"]
[Time "16:02:15"]
[TimeControl "2700+10"]

1. e4 e6 2. d4 d5 3. e5 c5 4. c3 Nc6 5. Nf3 Qb6 6. Bd3 cxd4 7. cxd4 f6 8.
exf6 Nxf6 9. Nc3 Bd6 10. O-O O-O 11. Re1 Kh8 12. Bc2 Bd7 13. Ng5 Nxd4 14.
Be3 Bc5 15. Bxh7 e5 16. Bg6 Ng4 17. Bd3 Nf3+ 18. Nxf3 Nxe3 19. fxe3 Bxe3+
20. Kh1 e4 21. Nxd5 Qxb2 22. Bxe4 Bc5 23. Nh4 Qe5 24. Ng6+ {Black resigns}
1-0

[Event "ICC tourney 2029 (45 10)"]
[Site "Internet Chess Club"]
[Date "2020.10.03"]
[Round "3"]
[White "TjkTiger"]
[Black "xyzchessdude"]
[Result "1-0"]
[ICCResult "Black resigns"]
[WhiteElo "2601"]
[BlackElo "2039"]
[Opening "English: symmetrical, Botvinnik system reversed"]
[ECO "A37"]
[NIC "EO.28"]
[Time "16:02:53"]
[TimeControl "2700+10"]

1. c4 c5 2. g3 g6 3. Bg2 Nc6 4. Nc3 Bg7 5. Nf3 e5 6. d3 Nge7 7. a3 d6 8. O-O
O-O 9. Rb1 Rb8 10. b4 Nd4 11. Ne1 f5 12. Bg5 h6 13. Bxe7 Qxe7 14. Nd5 Qd8
15. e3 Ne6 16. f4 cxb4 17. axb4 b5 18. cxb5 Bd7 19. Qa4 Bxb5 20. Qxa7 Rf7
21. Qa2 Ra8 22. Qxa8 Qxa8 23. Nf6+ Rxf6 24. Bxa8 e4 25. dxe4 Nc7 26. Bd5+
Nxd5 27. exd5 Rf8 28. Nf3 Ra8 29. Rfc1 Bd3 30. b5 Bxb1 31. Rxb1 Rb8 32. Nd2
Kf7 33. Nc4 Ke7 34. b6 Kd7 35. b7 Kc7 36. Na5 Bf6 37. Kf1 g5 38. Ke2 g4 39.
Kd3 h5 40. Kc4 h4 41. Kb5 Rxb7+ 42. Nxb7 Kxb7 43. Kc4+ Kc7 44. Kd3
{Black resigns}
1-0

[Event "ICC tourney 2029 (45 10)"]
[Site "Internet Chess Club"]
[Date "2020.10.03"]
[Round "3"]
[White "guineapig25"]
[Black "rychessmaster1"]
[Result "0-1"]
[ICCResult "White resigns"]
[WhiteElo "2011"]
[BlackElo "2212"]
[Opening "Ruy Lopez: Anderssen variation"]
[ECO "C77"]
[NIC "RL.12"]
[Time "16:02:09"]
[TimeControl "2700+10"]

1. e4 e5 2. Nf3 Nc6 3. Bb5 a6 4. Ba4 Nf6 5. d3 b5 6. Bb3 Bc5 7. c3 O-O 8.
O-O d6 9. Re1 h6 10. Nbd2 Re8 11. Nf1 Be6 12. Bc2 d5 13. Qe2 dxe4 14. dxe4
Qe7 15. b3 b4 16. c4 Nd4 17. Nxd4 Bxd4 18. Rb1 Bg4 19. Qd3 Rad8 20. Qg3 Bc3
21. Re3 Kh8 22. Rxc3 bxc3 23. Qxc3 Bd1 24. Be3 Bxc2 25. Qxc2 Ng4 26. Bd2 Qc5
27. Ne3 Nxe3 28. Bxe3 Qb4 29. Rd1 Qc3 30. Qe2 Qb2 31. Rxd8 Rxd8 32. Qf1 Qc2
{White resigns}
0-1

[Event "ICC tourney 2029 (45 10)"]
[Site "Internet Chess Club"]
[Date "2020.10.03"]
[Round "3"]
[White "Wushukyle"]
[Black "bonnelleo1"]
[Result "0-1"]
[ICCResult "White checkmated"]
[WhiteElo "1634"]
[BlackElo "1918"]
[Opening "French: Chigorin variation"]
[ECO "C00"]
[NIC "FR.01"]
[Time "16:02:04"]
[TimeControl "2700+10"]

1. e4 e6 2. Qe2 Nf6 3. Nc3 d5 4. exd5 Nxd5 5. Nf3 Be7 6. g3 O-O 7. Bg2 c5 8.
O-O Nc6 9. Re1 Bf6 10. a3 b6 11. Ne4 Bb7 12. Nxf6+ Qxf6 13. Ne5 Rad8 14. c4
Nde7 15. Nxc6 Bxc6 16. d3 Bxg2 17. Kxg2 Nc6 18. h4 Nd4 19. Qd1 h6 20. Be3
Nc6 21. Qh5 Rxd3 22. Rh1 Ne5 23. Rad1 Rfd8 24. Bg5 hxg5 25. Rxd3 Rxd3 26. f4
gxf4 27. gxf4 Qg6+ 28. Qxg6 Nxg6 29. f5 exf5 30. h5 Nf4+ 31. Kf2 Kh7 32. Rh4
Ne6 33. Ke2 Rb3 34. Kd2 Rxb2+ 35. Kc3 Rg2 36. Rh1 Nd4 37. a4 Rg3+ 38. Kb2
Rb3+ 39. Ka2 Rb4 40. a5 Ra4+ 41. Kb1 Rxa5 42. h6 gxh6 43. Rg1 f4 44. Kb2 b5
45. cxb5 Rxb5+ 46. Ka3 f3 47. Ka4 a6 48. Rg4 Rb1 49. Ka3 f2 50. Rg2 f1=Q 51.
Rd2 Qc1+ 52. Ka4 Ra1+ 53. Ra2 Rxa2# {White checkmated} 0-1

[Event "ICC tourney 2029 (45 10)"]
[Site "Internet Chess Club"]
[Date "2020.10.03"]
[Round "3"]
[White "marinaxiao"]
[Black "AJ2000"]
[Result "0-1"]
[ICCResult "White resigns"]
[WhiteElo "1425"]
[BlackElo "1644"]
[Opening "Giuoco Piano"]
[ECO "C54"]
[NIC "IG.02"]
[Time "16:02:20"]
[TimeControl "2700+10"]

1. e4 e5 2. Nf3 Nc6 3. Bc4 Bc5 4. c3 Nf6 5. d3 d6 6. a4 a6 7. O-O h6 8. Nbd2
O-O 9. Nb3 Ba7 10. Re1 Ne7 11. d4 Ng6 12. Na5 c6 13. Nb3 exd4 14. cxd4 d5
15. exd5 Nxd5 16. Ne5 Nxe5 17. dxe5 Bxf2+ 18. Kxf2 Qh4+ 19. Kg1 Qxc4 20. Qf3
Qg4 21. Qf2 Qf5 22. Qg3 Qg4 23. Qf2 Bf5 24. h3 Qg6 25. Kh1 Rfe8 26. Nd4 Be6
27. Qf3 Rad8 28. Re4 Nc7 29. Nxe6 Qxe6 30. Rg4 Kh8 31. Bf4 Nd5 32. Bd2 Rd7
33. Re1 Rde7 34. Rh4 Qg6 35. Rg4 Qc2 36. Rd4 Rxe5 37. Rxe5 Rxe5 38. Qxf7
Qxb2 39. Bxh6 Re1+ 40. Kh2 Qxd4 41. Qf8+ Kh7 42. Qf5+ Kxh6 43. Qf8 Qe5+ 44.
g3 Qe2+ {White resigns} 0-1

[Event "ICC tourney 2029 (45 10)"]
[Site "Internet Chess Club"]
[Date "2020.10.03"]
[Round "3"]
[White "AJM04"]
[Black "jy2020"]
[Result "0-1"]
[ICCResult "White resigns"]
[WhiteElo "2000"]
[BlackElo "2224"]
[Opening "Sicilian: closed, 6.Be3"]
[ECO "B26"]
[NIC "SI.45"]
[Time "16:02:06"]
[TimeControl "2700+10"]

1. e4 c5 2. Nc3 d6 3. g3 Nc6 4. Bg2 g6 5. d3 Bg7 6. Be3 e6 7. Qd2 Rb8 8.
Nge2 Nd4 9. Nd1 Ne7 10. c3 Nxe2 11. Qxe2 b5 12. O-O O-O 13. Rc1 Qb6 14. f4
Bb7 15. Nf2 f5 16. Rfd1 Nc6 17. b4 a5 18. bxc5 dxc5 19. a4 bxa4 20. Rb1 Qa7
21. e5 Rfc8 22. Qa2 Kf7 23. Qxa4 Bf8 24. Rb5 Ba8 25. Rdb1 Ne7 26. Rxb8 Rxb8
27. Rxb8 Qxb8 28. Bxa8 Qxa8 29. Bxc5 Nc6 30. Be3 Qb7 31. d4 Qb1+ 32. Kg2 Qb7
33. Kh3 Ne7 34. Qd1 a4 35. Nd3 Nd5 36. Bd2 a3 37. c4 a2 38. cxd5 Qb1 39. Qa4
Qf1+ {White resigns} 0-1

[Event "ICC tourney 2029 (45 10)"]
[Site "Internet Chess Club"]
[Date "2020.10.03"]
[Round "3"]
[White "happyscientist"]
[Black "gsmenon"]
[Result "1-0"]
[ICCResult "Black checkmated"]
[WhiteElo "1698"]
[BlackElo "1904"]
[Opening "Ruy Lopez: exchange variation, Alapin gambit"]
[ECO "C68"]
[NIC "RL.08"]
[Time "16:02:03"]
[TimeControl "2700+10"]

1. e4 e5 2. Nf3 Nc6 3. Bb5 a6 4. Bxc6 dxc6 5. O-O Bg4 6. h3 h5 7. d3 Bxf3 8.
Qxf3 Nf6 9. Bg5 Qd6 10. Nc3 O-O-O 11. Qf5+ Kb8 12. Bxf6 gxf6 13. f4 Bh6 14.
fxe5 fxe5 15. Qxf7 Rdf8 16. Qc4 Be3+ 17. Kh1 Rfg8 18. Qf7 Rg6 19. Qf3 Bd4
20. Qe2 Rhg8 21. Rad1 Qd7 22. Rf5 Qg7 23. Rd2 Be3 24. Qxe3 Rxg2 25. Rf8+
Qxf8 26. Rxg2 Qf1+ 27. Qg1 Qf3 28. Ne2 Qxh3+ 29. Qh2 Qf3 30. Ng1 Qf7 31.
Rxg8+ Qxg8 32. Qxh5 Qg3 33. Qh2 Qg5 34. Nf3 Qc1+ 35. Qg1 Qxb2 36. Qg8+ Ka7
37. Qc4 Qc1+ 38. Kg2 Qe3 39. Qc3 Qe2+ 40. Kg3 Qd1 41. Nxe5 Qg1+ 42. Kf4 Qh2+
43. Kg5 Qg1+ 44. Ng4 Qc1+ 45. Kf5 Qf1+ 46. Ke5 Qg2 47. Nf6 Qg3+ 48. Ke6 Qd6+
49. Kf7 Qh2 50. Qc5+ Ka8 51. e5 Qh4 52. e6 Qa4 53. e7 Qxa2+ 54. Qc4 Qxc4+
55. dxc4 a5 56. e8=Q+ Ka7 57. Nd7 a4 58. Qb8+ Ka6 59. Qa8# {Black
checkmated} 1-0

[Event "ICC tourney 2029 (45 10)"]
[Site "Internet Chess Club"]
[Date "2020.10.03"]
[Round "3"]
[White "Slivovitz"]
[Black "peekaboopenguin"]
[Result "1-0"]
[ICCResult "Black checkmated"]
[WhiteElo "2103"]
[BlackElo "1692"]
[Opening "English: Neo-Catalan declined"]
[ECO "E06"]
[NIC "QP.11"]
[Time "16:02:12"]
[TimeControl "2700+10"]

1. Nf3 e6 2. g3 d5 3. Bg2 Nf6 4. O-O Be7 5. c4 O-O 6. d4 b6 7. Qc2 Bb7 8.
Bf4 Nbd7 9. Nbd2 c5 10. dxc5 Nxc5 11. Rfd1 Rc8 12. Rac1 Qd7 13. Ne5 Qe8 14.
Qb1 dxc4 15. Bxb7 Nxb7 16. Ndxc4 Qb5 17. b3 Rfd8 18. a4 Qe8 19. Nd3 Nd5 20.
Bd2 Bf6 21. e4 Ne7 22. e5 Bxe5 23. Ndxe5 Nd5 24. Ne3 Nc7 25. Bb4 Na6 26. Ba3
Nac5 27. Bxc5 Nxc5 28. N3c4 Qe7 29. Rxd8+ Qxd8 30. Rd1 Qe7 31. b4 Nxa4 32.
Rd7 Qe8 33. Nd6 Nc3 34. Qd3 Qf8 35. Nxc8 Qxc8 36. Rd8+ Qxd8 37. Qxd8#
{Black checkmated}
1-0

[Event "ICC tourney 2029 (45 10)"]
[Site "Internet Chess Club"]
[Date "2020.10.03"]
[Round "3"]
[White "DanielA1926"]
[Black "wahoo"]
[Result "0-1"]
[ICCResult "White checkmated"]
[WhiteElo "1519"]
[BlackElo "1771"]
[Opening "QGD: 4.Nf3"]
[ECO "D37"]
[NIC "QO.16"]
[Time "16:02:25"]
[TimeControl "2700+10"]

1. d4 d5 2. c4 e6 3. Nc3 Nf6 4. Nf3 Be7 5. Bg5 h6 6. Bh4 b6 7. e3 Ba6 8. Be2
O-O 9. O-O Nbd7 10. Ne5 dxc4 11. Nc6 Qe8 12. Bf3 Bd6 13. Qa4 Bb7 14. e4 e5
15. d5 Nc5 16. Qxc4 g5 17. Bg3 Bxc6 18. dxc6 Qxc6 19. b4 b5 20. Qe2 Ne6 21.
Nd5 Ne8 22. h4 Nd4 23. Qd3 f6 24. Bg4 Ng7 25. Rac1 Qb7 26. f4 gxf4 27. Bxf4
c6 28. Nc3 Qb6 29. Be3 Bxb4 30. Kh1 Bc5 31. Bxh6 Kh7 32. Bd2 Rad8 33. Qg3
Be7 34. Bf5+ Ndxf5 35. exf5 Rxd2 36. Qg6+ Kg8 37. h5 Qd4 38. h6 Qh4+ 39. Kg1
Bc5+ 40. Rf2 Qxf2+ 41. Kh2 Qh4# {White checkmated} 0-1

[Event "ICC tourney 2029 (45 10)"]
[Site "Internet Chess Club"]
[Date "2020.10.03"]
[Round "3"]
[White "TheDude865"]
[Black "JunlinTheWorld"]
[Result "1-0"]
[ICCResult "Black forfeits on time"]
[WhiteElo "1350"]
[BlackElo "1844"]
[Opening "Sicilian: dragon, Yugoslav attack, 10.O-O-O"]
[ECO "B78"]
[NIC "SI.17"]
[Time "16:02:42"]
[TimeControl "2700+10"]

1. e4 c5 2. Nf3 d6 3. d4 cxd4 4. Nxd4 Nf6 5. Nc3 g6 6. Be3 Bg7 7. f3 O-O 8.
Qd2 Nc6 9. O-O-O Bd7 10. Bc4 Rc8 11. Bb3 Ne5 12. Kb1 Nc4 13. Bxc4 Rxc4 14.
g4 Qa5 15. g5 Nh5 16. Nd5 Qd8 17. Qd3 Rc8 18. f4 Bc6 19. Nxc6 bxc6 20. Nc3
Qc7 21. f5 Rb8 22. Rhf1 Qb7 23. Bc1 Qb4 24. Rf3 a5 25. Ka1 Be5 26. h4 a4 27.
a3 Qa5 28. Qc4 Rfc8 29. Qxa4 Bxc3 30. Qxa5 Bxa5 31. f6 Bd8 32. b3 exf6 33.
Rxd6 fxg5 34. Bxg5 Bxg5 35. hxg5 Rc7 36. Kb2 Rb5 37. Rd8+ Kg7 38. c4 Rxg5
39. b4 Re7 40. Rc8 Re6 41. a4 Rge5 42. Re3 c5 43. b5 Nf6 44. a5 Nd7 45. a6
Nb6 46. a7 Re8 47. Rb8 Na8 48. b6 Nxb6 49. Rxb6 Ra8 50. Ra3 Rxe4 51. Rb8
{Black forfeits on time}
1-0

[Event "ICC tourney 2029 (45 10)"]
[Site "Internet Chess Club"]
[Date "2020.10.03"]
[Round "3"]
[White "PawnGrubber21"]
[Black "orwind"]
[Result "1-0"]
[ICCResult "Black resigns"]
[WhiteElo "1768"]
[BlackElo "1493"]
[Opening "Sicilian defense"]
[ECO "B44"]
[NIC "SI.39"]
[Time "16:02:02"]
[TimeControl "2700+10"]

1. e4 c5 2. Nf3 e6 3. d4 cxd4 4. Nxd4 Nc6 5. Be3 Nf6 6. Nc3 Bb4 7. f3 O-O 8.
Bd3 d5 9. Nxc6 bxc6 10. a3 Be7 11. e5 Nd7 12. f4 Re8 13. Ne2 c5 14. c3 c4
15. Bc2 Nf8 16. O-O Qc7 17. Nd4 Rb8 18. Rb1 Bd7 19. Rf3 f6 20. g4 h6 21. Qf1
fxe5 22. fxe5 Bc5 23. Kh1 Qd8 24. Qh3 Qe7 25. g5 g6 26. gxh6 Qh7 27. Qg2 Re7
28. h4 Kh8 29. Bg5 Ree8 30. Bf6+ Kg8 31. Rg3 Kf7 32. h5 Qxh6 33. Rh3 g5 34.
Bxg5 Qg7 35. h6 {Black resigns} 1-0